 Dungeon Crawl Stone Soup version 0.21-a0-346-g330ab2c (webtiles) character file.

709 4thArraOfDagon the Fighter (level 7, -2/69 HPs)
             Began as a Hill Orc Enchanter on Oct 5, 2017.
             Was a Follower of Beogh.
             Slain by an ogre
             ... wielding a +0 giant spiked club
              (20 damage)
             ... on level 5 of the Dungeon.
             The game lasted 00:15:50 (3048 turns).

4thArraOfDagon the Fighter (Hill Orc Enchanter)     Turns: 3048, Time: 00:15:50

Health: -2/69      AC:  7    Str: 11    XL:     7   Next: 68%
Magic:  7/10       EV: 10    Int: 17    God:    Beogh [*.....]
Gold:   272        SH:  0    Dex: 11    Spells: 6/9 levels left

rFire    . . .     SeeInvis .   s - +2 mace (crush)
rCold    . . .     Gourm    .   (no shield)
rNeg     . . .     Faith    .   m - +0 ring mail
rPois    .         Spirit   .   v - +0 helmet
rElec    .         Reflect  .   y - +0 cloak
rCorr    .         Harm     .   (no gloves)
MR       .....                  (no boots)
Stlth    +.........             k - amulet of regeneration
HPRegen  0.61/turn              (no ring)
MPRegen  0.12/turn              (no ring)

@: very slightly contaminated
A: no striking features
a: Renounce Religion


You were on level 5 of the Dungeon.
You worshipped Beogh.
Beogh was aware of your devotion.
You were not hungry.

You visited 1 branch of the dungeon, and saw 5 of its levels.

You collected 272 gold pieces.

Inventory:

Hand Weapons
 a - a +1 dagger
 f - a +0 halberd
 s - a +2 mace of crushing (weapon)
Missiles
 x - a throwing net (quivered)
Armour
 b - a +0 robe
 m - a +0 ring mail (worn)
 v - a +0 helmet (worn)
 y - a +0 cloak (worn)
Jewellery
 k - an amulet of regeneration (around neck)
Wands
 i - a wand of polymorph (16/24)
Scrolls
 e - 2 scrolls of fear
 j - 2 scrolls of enchant weapon
 o - a scroll of teleportation
 p - 3 scrolls of remove curse
 w - a scroll of random uselessness {unknown}
Potions
 g - 2 potions of curing
 h - a potion of invisibility
 n - a potion of brilliance
 q - a potion of might
 r - a potion of agility {unknown}
 t - a potion of mutation {unknown}
 u - a potion of resistance {unknown}
 z - a potion of lignification {unknown}
Books
 c - a book of Maledictions

   Spells                             Type                      Level
   a - Corona                         Hexes                        1
   b - Ensorcelled Hibernation        Hexes/Ice                    2
   c - Confuse                        Hexes                        3
   d - Tukima's Dance                 Hexes                        3
   e - Dazzling Spray                 Conjuration/Hexes            3
Comestibles
 d - 4 bread rations
 l - a meat ration
 A - 2 chunks of flesh


   Skills:
 + Level 8.3 Fighting
 - Level 1.0 Short Blades
 - Level 1.5 Dodging
 - Level 2.4 Stealth
 - Level 1.5 Spellcasting
 - Level 3.0 Hexes
 - Level 5.1 Invocations


You had 6 spell levels left.
You knew the following spells:

 Your Spells              Type           Power        Failure   Level  Hunger
a - Corona                Hex            ##.....      14%         1    ##.....
b - Ensorcelled Hibernat  Hex/Ice        #.....       38%         2    ###....


Dungeon Overview and Level Annotations

Branches:
Dungeon (5/15)
 Temple: D:4-7

Altars:
Ashenzari
Kikubaaqudgha
Makhleb
Qazlal
Ru
Vehumet
The Shining One

Shops:
D:4 :

Annotations:
D:4 Eustachio, Ijyb


Message History

The ogre hits you with a giant spiked club!
You hit the ogre.
The ogre is moderately wounded.
The ogre hits you with a giant spiked club!
You hit the ogre.
The ogre is heavily wounded.
The ogre hits you with a giant spiked club!
You are too injured to fight recklessly!
You are too injured to fight recklessly!
You are too injured to fight recklessly!
You are too injured to fight recklessly!
You are too injured to fight recklessly!
You closely miss the ogre.
The ogre is heavily wounded.
The ogre hits you with a giant spiked club!!
* * * LOW HITPOINT WARNING * * *
Unknown command.
Unknown command.
The ogre hits you with a giant spiked club!!
You die...

###.......# #.###........## #
#.....### # #.............#
###....## .#### ####....###....
#.....## #... ###..# ##..
.....## #..# ##.#### #. .####.##
#..# ###....###.
.####..######.### ####......'_#
.##.............####........####
.......####.....@O...####....#
...#..## #..##...#### #..#..#
.###..# #..####(## #..#.....
.##..## #..# #.# #..#.....
.....# #...# #.# #.......#
.###.# ..#..# ##. #...###.# ##
##. .###.. . #.### .# . .. ..


You could see an ogre.

Vanquished Creatures
  Sigmund (D:5)
  A phantom (D:5)
  A water moccasin zombie (D:5)
  A crimson imp (D:5)
  3 hounds
  A gnoll shaman (D:5)
  An iguana (D:4)
  2 worker ants (D:4)
  A hound skeleton (D:4)
  Robin (D:4)
  8 gnolls
  3 adders
  An ooze (D:3)
  An adder skeleton (D:4)
  A dart slug (D:3)
  A leopard gecko (D:1)
  A bat (D:1)
  3 giant cockroaches
  5 hobgoblins
  4 kobolds
  A quokka (D:4)
  7 frilled lizards (D:1)
  12 goblins
  A jackal skeleton (D:4)
  7 rats
69 creatures vanquished.

Vanquished Creatures (others)
  A gnoll (D:2)
  An orc (D:2)
  A kobold (D:2)
3 creatures vanquished.

Grand Total: 72 creatures vanquished

Notes
Turn   | Place    | Note
-------+----------+-------------------------------------------
     0 | D:1      | 4thArraOfDagon the Hill Orc Enchanter began the quest for the Orb.
     0 | D:1      | Reached XP level 1. HP: 14/14 MP: 3/3
    58 | D:1      | Reached skill level 1 in Fighting
   401 | D:1      | Reached XP level 2. HP: 7/24 MP: 2/4
   407 | D:1      | Learned a level 2 spell: Ensorcelled Hibernation
   427 | D:1      | Reached skill level 2 in Fighting
   473 | D:2      | Found a radiant altar of Vehumet.
   530 | D:2      | Became a worshipper of Beogh the Brigand
   559 | D:2      | Found a sacrificial altar of Ru.
   725 | D:4      | Noticed Ijyb
   737 | D:4      | Found Duushex's Book Shoppe.
   843 | D:4      | Reached skill level 3 in Fighting
   939 | D:4      | Reached XP level 3. HP: 24/33 MP: 1/5
  1017 | D:3      | Found a shattered altar of Ashenzari.
  1108 | D:1      | Reached skill level 4 in Fighting
  1210 | D:1      | Reached skill level 1 in Invocations
  1210 | D:1      | Reached XP level 4. HP: 31/40 MP: 0/6
  1599 | D:2      | Found a stormy altar of Qazlal.
  1849 | D:3      | Reached XP level 5. HP: 39/47 MP: 5/7
  1870 | D:3      | p0werm0de: !hs 4tharraofdagon beogh
  1875 | D:3      | beem: 37. 4tharraofdagon the Shatterer (L27 HOFi of Beogh), blasted by a frost giant (bolt of cold) on Coc:7 (coc_grunt) on 2013-12-08 14:46:32, with 828633 points after 37442 turns and 7:42:10.
  1925 | D:4      | Reached skill level 5 in Fighting
  1935 | D:4      | Noticed Eustachio
  1965 | D:4      | Reached * piety under Beogh
  2073 | D:4      | Noticed Robin
  2101 | D:4      | Killed Robin
  2101 | D:4      | Reached XP level 6. HP: 54/56 MP: 7/9
  2126 | D:5      | Entered Level 5 of the Dungeon
  2132 | D:5      | Noticed a phantom
  2210 | D:4      | Found a glowing golden altar of the Shining One.
  2238 | D:4      | Found a burning altar of Makhleb.
  2369 | D:5      | Reached skill level 6 in Fighting
  2426 | D:5      | Noticed Sigmund
  2439 | D:5      | Noticed an ice beast
  2638 | D:5      | Reached skill level 5 in Invocations
  2681 | D:5      | Killed a phantom
  2681 | D:5      | Reached skill level 7 in Fighting
  2681 | D:5      | Reached XP level 7. HP: 48/66 MP: 10/10
  2712 | D:5      | Killed Sigmund
  2712 | D:5      | Reached skill level 8 in Fighting
  2856 | D:5      | Found a burning altar of Makhleb.
  3017 | D:5      | Found an ancient bone altar of Kikubaaqudgha.
  3048 | D:5      | Slain by an ogre

Vault maps used:
D:1:      minmay_arrival_radiant_lines, minmay_cut_off
D:2:      nicolae_qazlal_eye_of_the_storm, nicolae_overflow_crystal_walls,
          vehumet_crystals, first_bread
D:3:      evilmike_ruin_ashenzari
D:4:      lemuel_round_altar, lemuel_crystal_altar, kennysheep_mini_moat,
          serial_shops, nicolae_shop_behind_doors, uniq_ijyb, uniq_robin,
          uniq_eustachio
D:5:      kennysheep_mini, makhleb_heckhound_becter, uniq_sigmund

Skill      XL: |  1  2  3  4  5  6  7 |
---------------+----------------------+-----
Fighting       | 1 3 4 5 7 8 |  8.3
Invocations    | 1 2 4 5 |  5.1
Short Blades   | |  1.0
Dodging        | |  1.5
Stealth        | |  2.4
Spellcasting   | |  1.5
Hexes          | |  3.0

Action                   |  1- 3 |  4- 6 |  7- 9 || total
-------------------------+-------+-------+-------++-------
Melee: Dagger            |    95 |       |       ||    95
       Mace              |       |   156 |    43 ||   199
       Halberd           |       |    70 |       ||    70
 Cast: Corona            |    15 |     6 |     4 ||    25
       Ensorcelled Hiber |    11 |     1 |       ||    12
Invok: Convert to Beogh  |     1 |       |       ||     1
  Use: Potion            |     1 |       |     1 ||     2
       Scroll            |     6 |       |     3 ||     9
 Stab: Sleeping          |     7 |     1 |       ||     8
  Eat: Chunk             |     3 |     5 |       ||     8
       Fruit             |       |       |     6 ||     6
Armor: Robe              |     7 |       |       ||     7
       Ring mail         |    14 |    80 |    16 ||   110
Dodge: Dodged            |    67 |   127 |    33 ||   227

Table legend:
 A = Spawn XP
 B = Non-spawn XP
 C = Spawn XP percentage of total XP
 D = Spawn monster count
 E = Non-spawn monster count
 F = Spawn count percentage of total count
 G = Total turns spent on level
                    A         B        C        D         E        F      G
               +---------+---------+-------+---------+---------+-------+---------
         Total |       0 |    1013 |   0.0 |       0 |      69 |   0.0 |  3048
               +---------+---------+-------+---------+---------+-------+---------
           D:1 |       0 |      42 |   0.0 |       0 |      21 |   0.0 |   841
           D:2 |       0 |      44 |   0.0 |       0 |       6 |   0.0 |   368
           D:3 |       0 |      73 |   0.0 |       0 |       9 |   0.0 |   418
           D:4 |       0 |     217 |   0.0 |       0 |      21 |   0.0 |   669
           D:5 |       0 |     637 |   0.0 |       0 |      12 |   0.0 |   752
               +---------+---------+-------+---------+---------+-------+---------
